 Dungeon Crawl Stone Soup version 0.18-a0-952-g309898a (webtiles) character file.

674 M4edhros the Sneak (level 7, -1/43 HPs)
             Began as an Octopode Artificer on Dec 31, 2015.
             Slain by an ogre
             ... wielding a +0 giant club
              (9 damage)
             ... on level 6 of the Dungeon.
             The game lasted 00:04:37 (2963 turns).

M4edhros the Sneak (Octopode Artificer)             Turns: 2963, Time: 00:04:37

Health: -1/43      AC:  1    Str: 11    XL:     7   Next: 59%
Magic:  10/10      EV: 14    Int: 16    God:
Gold:   90         SH:  0    Dex: 12    Spells: 0 memorised, 6 levels left

rFire  . . .     SeeInvis .     a - +0 short sword
rCold  . . .     Gourm    .     (no shield)
rNeg   . . .     Faith    .     (helmet restricted)
rPois  .         Spirit   .     (no amulet)
rElec  .         Dismiss  .     y - ring of teleportation (curse)
rCorr  .         Reflect  .     (no ring)
SustAt .         Harm     .     (no ring)
MR     .....     Rnd*Tele +     (no ring)
Stlth  ++++......               (no ring)
                                (no ring)
                                (no ring)
                                (no ring)

@: not resistant to hostile enchantments, stealthy
A: almost no armour, amphibious, 8 rings, constrict 8, camouflage 1, gelatinous
body 1
a: Evoke Teleportation


You were on level 6 of the Dungeon.
You were not hungry.

You visited 1 branch of the dungeon, and saw 6 of its levels.

You collected 90 gold pieces.

Inventory:

Hand Weapons
 a - a +0 short sword (weapon)
 k - a +0 hunting sling
 v - a cursed +0 blowgun
Missiles
 e - 18 sling bullets of frost
 h - 11 poisoned sling bullets
 j - 17 stones (quivered)
 u - 18 sling bullets
 w - 23 poisoned needles
Jewellery
 y - a cursed ring of teleportation (left tentacle)
Wands
 b - a wand of flame (0/48)
 c - a wand of enslavement (9/24)
 d - a wand of random effects (1/48)
Scrolls
 l - 4 scrolls of identify {unknown}
 n - a scroll of fear {unknown}
 q - a scroll of enchant weapon {unknown}
 r - a scroll of magic mapping {unknown}
 t - a scroll of random uselessness {unknown}
 x - a scroll of blinking {unknown}
Potions
 i - a potion of might {unknown}
 m - a potion of curing
 p - a potion of heal wounds {unknown}
Books
 o - a book of Hinderance

   Spells                             Type                      Level
   a - Confusing Touch                Hexes                        2
   b - Confuse                        Hexes                        3
   c - Gell's Gravitas                Hexes/Translocation          3
   d - Petrify                        Transmutation/Earth          4
   e - Metabolic Englaciation         Hexes/Ice                    5
   f - Yara's Violent Unravelling     Hexes/Transmutation          5
 s - an Akashic Record

   Spells                             Type                      Level
   a - Dispersal                      Translocation                6
   b - Malign Gateway                 Summoning/Translocation      7
   c - Disjunction                    Translocation                8
   d - Controlled Blink               Translocation                8
Comestibles
 f - a bread ration
 g - a beef jerky


   Skills:
 - Level 1.0 Fighting
 - Level 1.0 Short Blades
 * Level 3.9 Slings
 * Level 4.9 Dodging
 * Level 6.1 Stealth
 + Level 4.5 Evocations


You had 6 spell levels left.
You didn't know any spells.

Dungeon Overview and Level Annotations

Branches:
Dungeon (6/15)
 Temple: D:4-7

Altars:
Ashenzari
Qazlal
Vehumet
Zin


Innate Abilities, Weirdness & Mutations

You cannot wear most types of armour.
You are amphibious.
You can wear up to eight rings at the same time.
You can use your tentacles to constrict eight enemies at once.
Your skin changes colour to match your surroundings (Stealth).
Your rubbery body absorbs attacks (AC +1).


Message History

The ogre is almost dead.
Evoke which item? (* to show all) (? for menu, Esc to quit)
Zapping:
d - a wand of random effects (2/48)
Press: ? - help, Shift-Dir - straight line, f/p - ogre
Aim: an ogre, wielding a giant club (almost dead)
The ogre resists with significant effort.
This wand has 1 charge left.
The ogre misses you.
A hound comes into view.
The hound barks!
You hit the ogre. Your squeeze misses the ogre.
The ogre is almost dead.
The hound moves out of view.
The ogre hits you with a giant club!
* * * LOW HITPOINT WARNING * * *
Evoke which item? (* to show all) (? for menu, Esc to quit)
Zapping:
c - a wand of enslavement (10/24)
Press: ? - help, Shift-Dir - straight line, f/p - ogre
Aim: an ogre, wielding a giant club (almost dead, chance to defeat MR: 55%)
The ogre resists with significant effort.
This wand has 9 charges left.
The ogre hits you with a giant club!
You die...

####.<...
.........
#..$.....
#........
#...(....
#........
#........
####O.......
#...@..%....
#...h####.#.###
.... ..... #.#
### # .


You could see an ogre and a hound.

Vanquished Creatures
  The ghost of M4edhros the Sneak, an amateur OpAr (D:5)
  A swamp drake (D:5)
  A sky beast (D:5)
  A big kobold (D:5)
  2 crimson imps (D:5)
  2 hounds (D:4)
  A jelly (D:5)
  3 worker ants (D:5)
  An adder (D:5)
  An adder skeleton (D:5)
  A giant cockroach (D:3)
  4 hobgoblins
  4 jackals (D:1)
  A quokka (D:2)
  A ball python (D:3)
  A giant cockroach zombie (D:5)
  3 giant newts
  4 goblins
  A jackal skeleton (D:5)
  5 kobolds
  3 rats
42 creatures vanquished.

Vanquished Creatures (collateral kills)
  An adder (D:5)
  A giant gecko (D:1)
  A goblin (D:1)
  A kobold (D:1)
  A rat (D:1)
5 creatures vanquished.

Vanquished Creatures (others)
  An ice beast (D:5)
1 creature vanquished.

Grand Total: 48 creatures vanquished

Notes
Turn   | Place    | Note
--------------------------------------------------------------
     0 | D:1      | M4edhros the Octopode Artificer began the quest for the Orb.
     0 | D:1      | Reached XP level 1. HP: 13/13 MP: 3/3
    33 | D:1      | Reached XP level 2. HP: 15/18 MP: 4/4
   461 | D:3      | Reached XP level 3. HP: 14/23 MP: 5/5
   566 | D:4      | Reached XP level 4. HP: 15/28 MP: 6/6
   589 | D:4      | Noticed an ogre
   809 | D:4      | Reached skill level 1 in Slings
   971 | D:5      | Entered Level 5 of the Dungeon
  1264 | D:5      | Reached XP level 5. HP: 28/33 MP: 7/7
  1312 | D:5      | Found a radiant altar of Vehumet.
  1322 | D:5      | Found a shattered altar of Ashenzari.
  1333 | D:5      | Found a glowing silver altar of Zin.
  1336 | D:5      | Found a stormy altar of Qazlal.
  1356 | D:5      | Reached skill level 4 in Stealth
  1602 | D:5      | Noticed M4edhros's ghost (amateur OpAr)
  1611 | D:5      | Noticed an ice beast
  1632 | D:5      | Noticed a sky beast
  1657 | D:5      | Reached XP level 6. HP: 8/38 MP: 9/9
  2103 | D:5      | Reached skill level 5 in Stealth
  2536 | D:5      | Reached XP level 7. HP: 15/43 MP: 10/10
  2930 | D:5      | Killed M4edhros's ghost
  2930 | D:5      | Reached skill level 6 in Stealth
  2963 | D:6      | Slain by an ogre

Vault maps used:
D:1:      mrwooster_arrival_statue_3, hex_intersection
D:2:      kennysheep_goblin_castle, serial_forest, infiniplex_forest_lined_3,
          infiniplex_forest_lined_1, infiniplex_forest_3_way,
          infiniplex_forest_straight_5, infiniplex_forest_fountain,
          infiniplex_forest_clump_small
D:3:      wad_lake_hut, first_bread, uniq_robin
D:4:      uniq_sigmund
D:5:      lemuel_crystal_altar, grunt_temple_overflow_open, minmay_statues_item
D:6:      grunt_ministairs_14, minmay_misc_feat_tiny, st_stairs_12

Action                   |  1- 3 |  4- 6 |  7- 9 || total
-------------------------+-------+-------+-------++-------
Melee: Short sword       |    49 |    63 |    21 ||   133
Evoke: Wand              |     1 |    20 |    14 ||    35
 Stab: Sleeping          |     7 |     4 |       ||    11
       Distracted        |     1 |       |       ||     1
       Paralysed         |       |       |     4 ||     4
  Eat: Chunk             |       |     2 |       ||     2
       Beef jerky        |       |     1 |       ||     1
       Bread ration      |       |       |     1 ||     1
